 Dungeon Sprint DCSS version 0.29-a0-275-g389c0b56f3 (webtiles) character file.

Game seed: 2664779352966101311

10069 mhtbhm the Severer (level 11, -14/175 HPs)
             Began as a Minotaur Berserker on Mar 12, 2022.
             Was the Champion of Trog.
             Demolished by a spriggan rider
             ... wielding a +0 spear
              (18 damage)
             ... while paralysed by a hornet
             ... in the Dungeon (Sprint IV: "Fedhas' Mad Dash").
             The game lasted 00:05:54 (4265 turns).

mhtbhm the Severer (Minotaur Berserker)             Turns: 4265, Time: 00:05:55

Health: -14/175    AC:  6    Str: 27    XL:     11   Next: 31%
Magic:  10/10      EV:  2    Int:  4    God:    Trog [******]
Gold:   148        SH:  0    Dex:  9    Spells: 10/10 levels left

rFire   . . .      SeeInvis .   a - +2 battleaxe (vorpal)
rCold   . . .      Faith    .   (shield currently unavailable)
rNeg    . . .      Spirit   .   b - +0 leather armour
rPois   .          Reflect  .   (helmet restricted)
rElec   .          Harm     .   (no cloak)
rCorr   .          Rampage  .   (no gloves)
Will    +....      NoTele   +   o - +0 pair of boots
Stlth   ..........              i - amulet of invisibility {+Inv}
HPRegen 0.39/turn               j - ring of willpower
MPRegen 0.12/turn               (no ring)

@: paralysed, berserking, lethally poisoned (-14 -> -42), slowed
A: horns 2, retaliatory headbutt, talons 1
a: Renounce Religion, Evoke Invisibility, Berserk, Trog's Hand, Brothers in Arms


You were in the Dungeon.
You worshipped Trog.
Trog was exalted by your worship.
You visited 1 branch You collected 244 gold pieces.
You spent 96 gold pieces at shops.

Inventory:

Hand Weapons
 a - a +2 vorpal battleaxe (weapon)
Missiles
 m - 4 javelins (quivered)
Armour
 b - a +0 leather armour (worn)
 o - a +0 pair of boots (worn)
Jewellery
 i - the amulet of invisibility (around neck) {+Inv}
   (You found it in the Dungeon)

   [amulet of nothing]

   +Inv:      It lets you turn invisible.
 j - a ring of willpower (left hand)
 k - an amulet of faith
Scrolls
 h - a scroll of blinking
 l - a scroll of fog {unknown}
 n - a scroll of enchant weapon {unknown}
Potions
 c - 3 potions of curing
 d - 2 potions of heal wounds
 e - a potion of haste
 f - 2 potions of magic
 g - a potion of berserk rage
Miscellaneous
 p - a lightning rod (4/4)


   Skills:
 + Level 17.1 Fighting
 + Level 18.7 Axes
 + Level 12.1 Armour
 + Level 10.7 Dodging
 + Level 8.2 Stealth
 + Level 8.9 Evocations


You had 10 spell levels left.
You didn't know any spells.
Your spell library was empty.

Dungeon Overview and Level Annotations

Branches:
Dungeon (1/1)

Altars:
Cheibriados
Dithmenos
Elyvilon
Gozag
Hepliaklqana
Kikubaaqudgha
Makhleb
Nemelex Xobeh
Okawaru
Qazlal
Ru
Sif Muna
Trog
Uskayaw
Vehumet
Wu Jian
Xom
Yredelemnul
Zin
The Shining One
Beogh
Jiyva
Lugonu

Shops:
D **:([![=!:!


Innate Abilities, Weirdness & Mutations

You have a pair of horns on your head.
You reflexively headbutt those who attack you in melee.
You have sharp toenails.


Message History

You slash the demonic crawler! You headbutt the demonic crawler!!
The demonic crawler is heavily wounded.
You slice the hornet!! The hornet stings you.
You feel as though you will be slow longer.
The spriggan rider barely misses you. The demonic crawler hits you!
The demonic crawler hits you. The demonic crawler barely misses you.
You closely miss the hornet.
The hornet is almost dead.
You slice the demonic crawler!! The hornet stings you!
You are poisoned.
You suddenly lose the ability to move!
The demonic crawler hits you.
The demonic crawler hits you but does no damage.
The demonic crawler hits you!
The spriggan rider hits you from afar with a +0 spear!!
You feel very sick. The hornet completely misses you. The hornet stings you!
You feel as though you will be slow longer.
The demonic crawler hits you but does no damage.
The demonic crawler hits you.
The demonic crawler hits you but does no damage.
The spriggan rider hits you from afar with a +0 spear!!
The hornet barely misses you. The hornet stings you.
* * * LOW HITPOINT WARNING * * *
You feel as though you will be slow longer.
You feel sick. The demonic crawler hits you!
* * * LOW HITPOINT WARNING * * *
The demonic crawler hits you!
* * * LOW HITPOINT WARNING * * *
The demonic crawler hits you!
* * * LOW HITPOINT WARNING * * *
The hornet stings you.
* * * LOW HITPOINT WARNING * * *
You are lethally poisoned!
You feel as though you will be slow longer.
The hornet stings you!
* * * LOW HITPOINT WARNING * * *
You are more poisoned.
You feel as though you will be slow longer.
The spriggan rider hits you from afar with a +0 spear!!
You die...

∩...................P.........)♣.
∩..†................P...#########
##########'##############
#..........# #..# #..........#
...+ ###.P....### ....# ###...##
#i$$$# #....####s$$$$#
#.......@y$$$$+ #........y$$$$#
###############


You could see a spriggan rider, a demonic crawler and 2 hornets.

Vanquished Creatures
  A ghost moth (D)
  A spriggan defender (D)
  A spriggan berserker (D)
  A spriggan druid (D)
  8 oklob plants (D)
  2 demonic crawlers (D)
  3 burning bushes (D)
  3 hornets (D)
  A queen bee (D)
  A wandering mushroom (D)
  3 scorpions (D)
  4 killer bees (D)
  5 oklob saplings (D)
  7 spriggans (D)
  A river rat (D)
  A rat (D)
43 creatures vanquished.

Vanquished Creatures (collateral kills)
  Agnes (D)
1 creature vanquished.

Vanquished Creatures (others)
  2 wandering mushrooms (D)
  2 ballistomycete spores (D)
  A bush (D)
  4 fungi (D)
9 creatures vanquished.

Grand Total: 53 creatures vanquished

Notes
Turn   | Place    | Note
-------+----------+-------------------------------------------
     0 | D        | mhtbhm the Minotaur Berserker began the quest for the Orb.
     0 | D        | Reached XP level 1. HP: 19/19 MP: 0/0
     9 | D        | Reached skill level 4 in Axes
     9 | D        | Reached XP level 2. HP: 28/28 MP: 1/1
    62 | D        | Noticed an oklob sapling
    63 | D        | Killed an oklob sapling
    63 | D        | Reached ** piety under Trog
    64 | D        | Reached skill level 6 in Axes
    64 | D        | Reached XP level 3. HP: 37/37 MP: 2/2
   301 | D        | Noticed a scorpion
   301 | D        | Found the amulet of invisibility {+Inv}
   303 | D        | Killed a scorpion
   304 | D        | Reached skill level 7 in Axes
   304 | D        | Reached XP level 4. HP: 47/47 MP: 3/3
   341 | D        | Found an opulent altar of Gozag.
   341 | D        | Found a hazy altar of Hepliaklqana.
   341 | D        | Found a burning altar of Makhleb.
   341 | D        | Found a sparkling altar of Nemelex Xobeh.
   341 | D        | Found a snail-covered altar of Cheibriados.
   341 | D        | Found a sacrificial altar of Ru.
   341 | D        | Found a shimmering blue altar of Sif Muna.
   341 | D        | Found a shimmering altar of Xom.
   341 | D        | Found a basalt altar of Yredelemnul.
   342 | D        | Found a viscous altar of Jiyva.
   342 | D        | Found a bloodstained altar of Trog.
   342 | D        | Found an ornate altar of the Wu Jian Council.
   343 | D        | Found an iron altar of Okawaru.
   343 | D        | Found a shadowy altar of Dithmenos.
   343 | D        | Found a glowing silver altar of Zin.
   344 | D        | Found an ancient bone altar of Kikubaaqudgha.
   344 | D        | Found a hide-covered altar of Uskayaw.
   345 | D        | Found a stormy altar of Qazlal.
   345 | D        | Found a white marble altar of Elyvilon.
   345 | D        | Found a glowing golden altar of the Shining One.
   346 | D        | Found a corrupted altar of Lugonu.
   346 | D        | Found a radiant altar of Vehumet.
   353 | D        | Reached skill level 8 in Axes
   353 | D        | Reached XP level 5. HP: 56/56 MP: 1/4
   395 | D        | Reached skill level 9 in Axes
   436 | D        | Reached *** piety under Trog
   437 | D        | Reached skill level 5 in Armour
   438 | D        | Reached skill level 10 in Fighting
   438 | D        | Reached skill level 10 in Axes
   438 | D        | Reached skill level 1 in Evocations
   441 | D        | Reached XP level 6. HP: 66/66 MP: 5/5
   521 | D        | Found Vuatepnilo's Armour Shop.
   521 | D        | Found Lyen's Antique Weapon Emporium.
   814 | D        | Noticed a burning bush
   814 | D        | Noticed a wandering mushroom
   815 | D        | Noticed a wandering mushroom
   818 | D        | Reached skill level 11 in Axes
   820 | D        | Killed a wandering mushroom
   820 | D        | Reached **** piety under Trog
   821 | D        | Reached skill level 5 in Dodging
   821 | D        | Reached XP level 7. HP: 54/74 MP: 6/6
   825 | D        | Killed a burning bush
   826 | D        | Reached skill level 12 in Axes
   827 | D        | Found Vorchidd's Distillery.
   827 | D        | Found Ilatodit's Jewellery Shoppe.
  1488 | D        | Noticed a queen bee
  1495 | D        | Reached skill level 13 in Axes
  1502 | D        | Killed a queen bee
  1504 | D        | Reached XP level 8. HP: 86/86 MP: 5/7
  1507 | D        | Reached ***** piety under Trog
  1508 | D        | Reached skill level 1 in Stealth
  1554 | D        | Noticed an oklob plant
  1561 | D        | Killed an oklob plant
  1562 | D        | Reached skill level 14 in Axes
  1775 | D        | Noticed a burning bush
  1787 | D        | Killed a burning bush
  1935 | D        | Noticed a burning bush
  1935 | D        | Noticed an oklob plant
  1936 | D        | Noticed a wandering mushroom
  1954 | D        | Killed a burning bush
  1955 | D        | Reached skill level 15 in Axes
  2426 | D        | Killed an oklob plant
  2427 | D        | Reached XP level 9. HP: 76/96 MP: 6/8
  2600 | D        | Noticed a spriggan druid
  2606 | D        | Killed a spriggan druid
  2606 | D        | Received a gift from Trog
  2607 | D        | Reached skill level 15 in Fighting
  2607 | D        | Reached skill level 16 in Axes
  2607 | D        | Reached skill level 5 in Evocations
  2658 | D        | Noticed an oklob plant conjurer
  2662 | D        | Killed an oklob plant conjurer
  2799 | D        | Noticed an oklob plant
  2799 | D        | Noticed an oklob plant summoner
  2800 | D        | Noticed an oklob plant shifter
  2808 | D        | Killed an oklob plant summoner
  2810 | D        | Killed an oklob plant
  2811 | D        | Reached skill level 10 in Armour
  2813 | D        | Killed an oklob plant shifter
  2814 | D        | Reached XP level 10. HP: 106/106 MP: 7/9
  2879 | D        | Received a gift from Trog
  2881 | D        | Noticed a spriggan rider
  2890 | D        | Reached skill level 5 in Stealth
  2891 | D        | Reached skill level 17 in Axes
  2905 | D        | Found Muxzae Zuup's Book Emporium.
  2940 | D        | Found Konedimm's Distillery.
  3242 | D        | Noticed Agnes
  3247 | D        | Killed Agnes
  3466 | D        | Found Ewoxt's Distillery.
  3466 | D        | Noticed a spriggan berserker
  3470 | D        | Killed a spriggan berserker
  3608 | D        | Found Cakhir's Antique Armour Shoppe.
  3609 | D        | Noticed a spriggan defender
  3615 | D        | Killed a spriggan defender
  3616 | D        | Reached skill level 10 in Dodging
  3855 | D        | Noticed a spriggan rider
  3899 | D        | Killed a spriggan rider
  3900 | D        | Reached skill level 18 in Axes
  3900 | D        | Reached XP level 11. HP: 115/115 MP: 10/10
  3994 | D        | Bought a potion of mutation for 96 gold pieces
  3994 | D        | Gained mutation: You have sharp toenails. [potion of
                  | mutation]
  4085 | D        | Found Cewobett's General Store.
  4085 | D        | Found Zoutasuu's Book Emporium.
  4085 | D        | Found Qauvu's General Store.
  4092 | D        | Killed a ghost moth
  4213 | D        | Noticed an oklob plant shifter
  4213 | D        | Noticed an oklob plant meteorologist
  4217 | D        | Killed an oklob plant meteorologist
  4217 | D        | Reached ****** piety under Trog
  4226 | D        | Killed an oklob plant shifter
  4260 | D        | Noticed a spriggan rider
  4263 | D        | Paralysed by a hornet for 2 turns
  4265 | D        | HP: 4/175 [hornet (11)]
  4265 | D        | Demolished by a spriggan rider

Illustrated notes

Levels and vault maps discovered:
D:        dungeon_sprint_fedhas [sprint_temple]

Skill      XL: |  1  2  3  4  5  6  7  8  9 10 11 |
---------------+----------------------------------+-----
Fighting       | 4 6 7 8 10 11 13 14 15 16 17 | 17.1
Axes           | 4 6 7 8 10 11 13 15 16 18 | 18.7
Armour         | 3 4 5 6 7 8 10 11 12 | 12.1
Dodging        | 3 4 5 6 7 8 10 | 10.7
Evocations     | 1 2 4 6 8 |  8.9
Stealth        | 2 4 7 8 |  8.2

Action                   |  1- 3 |  4- 6 |  7- 9 | 10-12 || total
-------------------------+-------+-------+-------+-------++-------
Melee: Hand axe          |     5 |    19 |    74 |       ||    98
       Headbutt          |     1 |     5 |    26 |     5 ||    37
       Punch             |       |       |     3 |       ||     3
       Battleaxe         |       |       |     9 |    34 ||    43
Invok: Berserk           |     3 |     5 |     5 |     7 ||    20
       Brothers in Arms  |       |       |       |     2 ||     2
 Abil: Evoke Invisibilit |       |     1 |     4 |     1 ||     6
  Use: Potion            |       |       |       |     1 ||     1
 Stab: Invisible         |       |       |     5 |       ||     5
       Sleeping          |       |       |       |     3 ||     3
Armor: Leather armour    |       |       |     2 |     6 ||     8
Dodge: Dodged            |       |     5 |    16 |    14 ||    35

Table legend: (Time is in decaauts)
 A = Elapsed time spent in this place.
 B = Non-inter-level travel time spent in this place.
 C = Inter-level travel time spent in this place.
 D = Time resting spent in this place.
 E = Time spent auto-exploring this place.
 F = Levels seen in this place.
 G = Mean time per level.
                   A        B        C        D        E       F      G
               +--------+--------+--------+--------+--------+-----+--------+
         Total |   4401 |   4303 |     98 |   3439 |      0 |   1 | 4401.0 |
       Dungeon |   4401 |   4303 |     98 |   3439 |      0 |   1 | 4401.0 |
               +--------+--------+--------+--------+--------+-----+--------+

Top non-repeatable levels by time:
       D: 4401 daAuts
